 Dungeon Crawl Stone Soup version 0.29-a0-369-gd956c00756 (webtiles) character file.

Game seed: 4374563066197207563

34596 frimble the Slicer (level 13, -4/105 HPs)
             Began as a Gnoll Cinder Acolyte on May 2, 2022.
             Was a Priest of Ignis.
             Slain by a boulder beetle (24 damage)
             ... on level 4 of the Lair of Beasts.
             The game lasted 00:21:20 (16812 turns).

frimble the Slicer (Gnoll Cinder Acolyte)          Turns: 16812, Time: 00:21:21

Health: -4/105     AC: 11    Str: 15    XL:     13   Next: 78%
Magic:  34/35      EV: 18    Int: 14    God:    Ignis [***...]
Gold:   1325       SH:  0    Dex: 11    Spells: 25/30 levels left

rFire   + + .      SeeInvis +   e - +8 hunting sling of Upheaval {freeze, rPois rF+ SInv}
rCold   . . .      Faith    .   (no shield)
rNeg    . . .      Spirit   .   w - +1 troll leather armour
rPois   +          Reflect  .   F - +1 hat
rElec   .          Harm     .   y - +0 cloak
rCorr   .          Rampage  .   H - +0 pair of gloves
Will    .....                   A - +0 pair of boots of Erirphur {MP+9}
Stlth   ++++......              (no amulet)
HPRegen 1.07/turn               m - +4 ring of evasion
MPRegen 0.24/turn               s - ring of poison resistance

@: no status effects
A: fangs 1, strong nose, distributed training
a: Renounce Religion, Fiery Armour, Foxfire Swarm


You were on level 4 of the Lair of Beasts.
You worshipped Ignis.
Ignis was most pleased with you.
You visited 2 branches of the dungeon, and saw 15 of its levels.

You collected 1493 gold pieces.
You spent 168 gold pieces at shops.

Inventory:

Hand Weapons
 e - the +8 hunting sling of Upheaval (weapon) {freeze, rPois rF+ SInv}
   (You found it on level 2 of the Dungeon)

   Any ammunition fired from it freezes those it strikes, dealing additional
   cold damage.
   It can also slow down cold-blooded creatures.
   rF:        It protects you from fire.
   rPois:     It protects you from poison.
   SInv:      It lets you see invisible.
Missiles
 v - a throwing net
Armour
 w - a +1 troll leather armour (worn)
 y - a +0 cloak (worn)
 A - the +0 pair of boots of Erirphur (worn) {MP+9}
   (You found it on level 4 of the Dungeon)

   MP:        It affects your magic capacity (+9).
 F - a +1 hat (worn)
 H - a +0 pair of gloves (worn)
Jewellery
 m - a +4 ring of evasion (left hand)
 r - a ring of flight
 s - a ring of poison resistance (right hand)
 u - a ring of see invisible
 K - a ring of protection from cold
 R - a ring of willpower
Wands
 a - a wand of iceblast (21)
 E - a wand of charming (7)
 G - a wand of flame (28)
 L - a wand of mindburst (6)
 Q - a wand of paralysis (4)
 S - a wand of acid (5)
Scrolls
 b - 4 scrolls of fog
 o - 7 scrolls of teleportation
 q - a scroll of enchant weapon
 x - 3 scrolls of magic mapping
 B - 2 scrolls of fear
 D - a scroll of immolation
 M - a scroll of amnesia
 N - 2 scrolls of identify
 O - a scroll of silence
 P - 2 scrolls of enchant armour
Potions
 c - 3 potions of berserk rage
 f - 5 potions of heal wounds
 g - 10 potions of curing
 h - a potion of flight
 i - 3 potions of cancellation {unknown}
 j - a potion of might {unknown}
 k - 4 potions of degeneration {unknown}
 l - a potion of attraction {unknown}
 n - 2 potions of magic
 p - 2 potions of mutation {unknown}
 t - 5 potions of brilliance {unknown}
 z - 2 potions of lignification {unknown}
 I - 2 potions of ambrosia
 J - a potion of resistance
Miscellaneous
 d - a box of beasts (inert)
 C - a phantom mirror


   Skills:
 + Level 10.9 Fighting
 + Level 10.9 Short Blades
 + Level 8.6 Long Blades
 + Level 8.6 Axes
 + Level 8.6 Maces & Flails
 + Level 8.6 Polearms
 + Level 8.6 Staves
 + Level 8.6 Slings
 + Level 8.6 Bows
 + Level 8.6 Crossbows
 + Level 8.6 Throwing
 + Level 8.6 Armour
 + Level 8.6 Dodging
 + Level 8.6 Stealth
 + Level 8.6 Shields
 + Level 8.6 Unarmed Combat
 + Level 9.1 Spellcasting
 + Level 7.2 Conjurations
 + Level 7.2 Hexes
 + Level 7.2 Summonings
 + Level 7.2 Necromancy
 + Level 7.2 Translocations
 + Level 7.2 Transmutations
 + Level 9.1 Fire Magic
 + Level 7.2 Ice Magic
 + Level 7.2 Air Magic
 + Level 7.2 Earth Magic
 + Level 7.2 Poison Magic
 + Level 9.4 Invocations
 + Level 8.6 Evocations


You had 25 spell levels left.
You knew the following spells:

 Your Spells              Type           Power      Damage    Failure   Level
a - Scorch                Fire           64%        2d8       1%          2
b - Frozen Ramparts       Ice            52%        1d7       1%          3

Your spell library contained the following spells:

 Spells                   Type           Power      Damage    Failure   Level
 Animate Skeleton         Necr           52%        N/A       1%          1
 Beastly Appendage        Tmut           52%        N/A       1%          1
 Freeze                   Ice            100%       1d11      1%          1
 Pain                     Necr           100%       1d9       1%          1
 Shock                    Conj/Air       100%       1d9       1%          1
 Wereblood                Tmut           26%        N/A       1%          2
 Ignite Poison            Fire/Tmut/Pois 28%        N/A       1%          3
 Mephitic Cloud           Conj/Pois/Air  26%        N/A       1%          3
 Spider Form              Tmut/Pois      26%        N/A       1%          3
 Swiftness                Air            26%        N/A       1%          3
 Vampiric Draining        Necr           26%        2d7       1%          3
 Airstrike                Air            13%        N/A       7%          4
 Hailstorm                Conj/Ice       26%        3d7       7%          4
 Ice Form                 Ice/Tmut       26%        N/A       7%          4
 Summon Ice Beast         Ice/Summ       26%        N/A       7%          4
 Freezing Cloud           Conj/Ice/Air   13%        6-21      19%         5
 Storm Form               Tmut/Air       13%        N/A       99%         7


Dungeon Overview and Level Annotations

Branches:
Dungeon (11/15)            Temple (0/1) D:5            Lair (4/6) D:11
 Spider (0/4) Lair:3
  Swamp: Lair:2-4    Shoals: Lair:2-4       Orc: D:9-12

Altars:
Ashenzari
Dithmenos
Elyvilon
Fedhas
Hepliaklqana
Kikubaaqudgha
Nemelex Xobeh
Okawaru
Ru
Sif Muna
Uskayaw
Wu Jian
Xom
The Shining One

Shops:
D:10 ?

Annotations:
D:8 2 transporters
Lair:3 1 runed translucent door


Innate Abilities, Weirdness & Mutations

You have very sharp teeth.
Your uncanny sense of smell can sniff out nearby items.
Your experience applies equally to all skills.


Message History

The wall freezes the cane toad.
Aiming: Corrosive Bolt
Press: ? - help, Shift-Dir - straight line, f/p - cane toad
Aim: a cane toad (moderately wounded, slow, 77% to hit)
The bolt of acid hits the boulder beetle!!
The acid corrodes the boulder beetle!
The boulder beetle is almost dead.
The bolt of acid hits the death yak!
The death yak is heavily wounded.
The bolt of acid hits the cane toad!
The acid corrodes the cane toad!
The cane toad is severely wounded.
The wall freezes the boulder beetle.
The boulder beetle bites you!!
The wall freezes the death yak!
The wall freezes the cane toad!
The cane toad seems to slow down.
The wall freezes the cane toad.
You kill the cane toad!
Fire: e) +8 hunting sling of Upheaval {freeze, rPois rF+ SInv}
Press: ? - help, Q - select action, (/) - cycle Shift-Dir - straight line, f - death yak
Aim: a death yak (heavily wounded, covered in acid, 84% to hit)
You shoot a sling bullet.
The sling bullet hits the boulder beetle but does no damage.
The boulder beetle is almost dead.
The wall freezes the boulder beetle!
The boulder beetle bites you!
The wall freezes the death yak.
Fire: e) +8 hunting sling of Upheaval {freeze, rPois rF+ SInv}
Press: ? - help, Q - select action, (/) - cycle Shift-Dir - straight line, f/p - death yak
Aim: a death yak (severely wounded, covered in acid, 84% to hit)
You shoot a sling bullet.
The sling bullet hits the boulder beetle but does no damage.
The boulder beetle is almost dead.
The frozen ramparts melt away.
The boulder beetle bites you!!
* * * LOW HITPOINT WARNING * * *
The boulder beetle misses you.
Fire: e) +8 hunting sling of Upheaval {freeze, rPois rF+ SInv}
Press: ? - help, Q - select action, (/) - cycle Shift-Dir - straight line, f/p - death yak
Aim: a death yak (heavily wounded, covered in acid, 84% to hit)
You shoot a sling bullet.
The sling bullet hits the boulder beetle but does no damage.
The boulder beetle is almost dead.
The boulder beetle bites you!!
You die...

♣♣ .♣♣♣♣♣♣♣ #.>........... ...
♣......♣ #.............
≈...###...≈.♣ #...........##
....#.#...P.♣ #+## #..........##.
....#.#.....♣ ..# #.....#†.###..
............♣ ..# #....#.8†##.÷.
###.....###.♣###Y# #...#..†......
#}...≈....#♣...#B# #...#8.>....8.
###.....###.♣#)#@###.......†.....
............♣#.#..##<.....8......
....#.#.....♣#.#..##....######...
....#.#.....♣#.##†##....(..###.#.
≈..†###...≈.♣#.....#......###...#
.....♣......♣#.♣♣♣.#.......###...
♣♣♣♣♣†♣♣♣♣♣♣♣#.....#.............
### ♣.♣#### #######.............
♣≈♣♣♣.≈≈≈≈♣ #.............


You could see a death yak (corroded) and a boulder beetle (corroded).

Vanquished Creatures
  A hydra (Lair:4)
  A two-headed ogre (D:10)
  4 death yaks
  2 oklob plants (D:11)
  2 cyclopes (D:11)
  2 ugly things
  A black mamba (Lair:2)
  8 elephants
  A rime drake (Lair:4)
  10 komodo dragons
  9 cane toads
  A troll (D:9)
  4 polar bears
  Prince Ribbit (D:9)
  5 blink frogs
  A hornet (D:11)
  A dream sheep (Lair:4)
  A culicivora (Lair:3)
  3 wraiths
  5 wyverns
  36 yaks
  A steam dragon (D:7)
  7 water moccasins
  An ice beast (D:8)
  8 orc warriors
  A sky beast (D:7)
  A black bear (Lair:1)
  3 ogres (D:6)
  A centaur (D:8)
  7 wolves
  Blork the orc (D:5)
  13 bullfrogs
  A gnoll sergeant (D:11)
  5 scorpions
  A necrophage (D:4)
  3 wights (D:9)
  16 killer bees
  6 electric eels (D:10)
  6 howler monkeys
  3 hounds
  3 jellies
  5 orc priests
  12 orc wizards
  An iguana (D:4)
  8 gnolls
  6 adders
  2 white imps
  2 ufetubi
  A worm (D:2)
  52 orcs
  3 bats
  2 endoplasms
  2 giant cockroaches
  3 goblins
  5 hobgoblins
  3 jackals (D:4)
  4 kobolds
  2 quokkas
  3 frilled lizards
  3 rats
306 creatures vanquished.

Vanquished Creatures (collateral kills)
  A troll (D:11)
  3 yaks (Lair:4)
  A water moccasin (Lair:4)
5 creatures vanquished.

Vanquished Creatures (others)
  A yak (Lair:3)
  2 killer bees (D:8)
  An orc wizard (D:7)
  A shadow imp (D:7)
  An orc (D:7)
  11 fungi
  76 plants
93 creatures vanquished.

Grand Total: 404 creatures vanquished

Notes
Turn   | Place    | Note
-------+----------+-------------------------------------------
     0 | D:1      | frimble the Gnoll Cinder Acolyte began the quest for the
                  | Orb.
     0 | D:1      | Reached XP level 1. HP: 23/23 MP: 4/4
   403 | D:1      | Reached XP level 2. HP: 9/29 MP: 5/5
   708 | D:1      | Learned a level 2 spell: Scorch
  1185 | D:2      | Identified the +8 hunting sling of Upheaval {freeze, rPois
                  | rF+ SInv}
  1294 | D:2      | Reached XP level 3. HP: 35/35 MP: 7/7
  1615 | D:2      | Found a hazy altar of Hepliaklqana.
  1729 | D:3      | Reached skill level 1 in Invocations
  1730 | D:3      | Reached skill level 1 in Long Blades
  1730 | D:3      | Reached skill level 1 in Axes
  1730 | D:3      | Reached skill level 1 in Maces & Flails
  1730 | D:3      | Reached skill level 1 in Polearms
  1730 | D:3      | Reached skill level 1 in Staves
  1730 | D:3      | Reached skill level 1 in Slings
  1730 | D:3      | Reached skill level 1 in Bows
  1730 | D:3      | Reached skill level 1 in Crossbows
  1730 | D:3      | Reached skill level 1 in Throwing
  1730 | D:3      | Reached skill level 1 in Armour
  1730 | D:3      | Reached skill level 1 in Dodging
  1730 | D:3      | Reached skill level 1 in Stealth
  1730 | D:3      | Reached skill level 1 in Shields
  1730 | D:3      | Reached skill level 1 in Unarmed Combat
  1730 | D:3      | Reached skill level 1 in Evocations
  1730 | D:3      | Reached XP level 4. HP: 36/41 MP: 8/8
  1733 | D:3      | Reached skill level 1 in Conjurations
  1733 | D:3      | Reached skill level 1 in Hexes
  1733 | D:3      | Reached skill level 1 in Summonings
  1733 | D:3      | Reached skill level 1 in Necromancy
  1733 | D:3      | Reached skill level 1 in Translocations
  1733 | D:3      | Reached skill level 1 in Transmutations
  1733 | D:3      | Reached skill level 1 in Ice Magic
  1733 | D:3      | Reached skill level 1 in Air Magic
  1733 | D:3      | Reached skill level 1 in Earth Magic
  1733 | D:3      | Reached skill level 1 in Poison Magic
  1842 | D:3      | Reached XP level 5. HP: 41/47 MP: 9/9
  2275 | D:4      | Reached XP level 6. HP: 36/53 MP: 9/11
  2654 | D:4      | Identified a scroll of acquirement
  2654 | D:4      | Acquired 436 gold pieces
  2705 | D:4      | Found an iron altar of Okawaru.
  2761 | D:4      | Found a shimmering altar of Xom.
  2873 | D:5      | Entered Level 5 of the Dungeon
  2885 | D:5      | Reached XP level 7. HP: 45/59 MP: 12/12
  3099 | D:5      | Found a staircase to the Ecumenical Temple.
  3455 | D:5      | Noticed Blork the orc
  3463 | D:5      | Killed Blork the orc
  3566 | D:5      | Found an ornate altar of the Wu Jian Council.
  3845 | D:6      | Reached XP level 8. HP: 63/67 MP: 14/14
  4332 | D:6      | Found a sacrificial altar of Ru.
  4332 | D:6      | Found a glowing golden altar of the Shining One.
  4358 | D:6      | Found a hide-covered altar of Uskayaw.
  4360 | D:6      | Found a shadowy altar of Dithmenos.
  4362 | D:6      | Found a faded altar of an unknown god.
  4675 | D:6      | Found a blossoming altar of Fedhas.
  4834 | D:4      | Identified the +0 pair of boots of Erirphur {MP+9}
  4944 | D:7      | Found a shimmering blue altar of Sif Muna.
  5391 | D:7      | Reached XP level 9. HP: 72/72 MP: 16/16
  6006 | D:7      | Reached skill level 5 in Spellcasting
  6560 | D:8      | Found a transporter.
  6595 | D:8      | Reached skill level 5 in Invocations
  6833 | D:8      | Reached XP level 10. HP: 41/80 MP: 18/18
  7496 | D:8      | Found a transporter.
  7576 | D:8      | Reached skill level 5 in Long Blades
  7576 | D:8      | Reached skill level 5 in Axes
  7576 | D:8      | Reached skill level 5 in Maces & Flails
  7576 | D:8      | Reached skill level 5 in Polearms
  7576 | D:8      | Reached skill level 5 in Staves
  7576 | D:8      | Reached skill level 5 in Slings
  7576 | D:8      | Reached skill level 5 in Bows
  7576 | D:8      | Reached skill level 5 in Crossbows
  7576 | D:8      | Reached skill level 5 in Throwing
  7576 | D:8      | Reached skill level 5 in Armour
  7576 | D:8      | Reached skill level 5 in Dodging
  7576 | D:8      | Reached skill level 5 in Stealth
  7576 | D:8      | Reached skill level 5 in Shields
  7576 | D:8      | Reached skill level 5 in Unarmed Combat
  7576 | D:8      | Reached skill level 5 in Evocations
  7958 | D:8      | Found a sparkling altar of Nemelex Xobeh.
  8543 | D:9      | Noticed Prince Ribbit
  8550 | D:9      | Killed Prince Ribbit
  8587 | D:9      | Found a white marble altar of Elyvilon.
  8595 | D:9      | Reached skill level 5 in Conjurations
  8595 | D:9      | Reached skill level 5 in Hexes
  8595 | D:9      | Reached skill level 5 in Summonings
  8595 | D:9      | Reached skill level 5 in Necromancy
  8595 | D:9      | Reached skill level 5 in Translocations
  8595 | D:9      | Reached skill level 5 in Transmutations
  8595 | D:9      | Reached skill level 5 in Ice Magic
  8595 | D:9      | Reached skill level 5 in Air Magic
  8595 | D:9      | Reached skill level 5 in Earth Magic
  8595 | D:9      | Reached skill level 5 in Poison Magic
  8595 | D:9      | Reached XP level 11. HP: 89/89 MP: 21/21
  9153 | D:9      | Identified the +0 chain mail of a bazaar {Dex+4}
  9461 | D:10     | Entered Level 10 of the Dungeon
  9510 | D:10     | Found an ancient bone altar of Kikubaaqudgha.
  9518 | D:10     | Found Avavukia's Magic Scroll Emporium.
  9654 | D:10     | Found a broken altar of Ashenzari.
  9866 | D:10     | Noticed a two-headed ogre
  9883 | D:10     | Killed a two-headed ogre
 10399 | D:10     | Noticed a white ugly thing
 10408 | D:10     | Killed a white ugly thing
 10794 | D:11     | Noticed a cyclops
 10812 | D:11     | Killed a cyclops
 10813 | D:11     | Reached XP level 12. HP: 60/97 MP: 23/23
 11238 | D:11     | Found a staircase to the Lair.
 12486 | D:10     | Bought a scroll of enchant armour for 120 gold pieces
 12486 | D:10     | Bought a scroll of teleportation for 48 gold pieces
 12570 | Lair:1   | Entered Level 1 of the Lair of Beasts
 12999 | Lair:1   | Reached skill level 10 in Fighting
 12999 | Lair:1   | Reached skill level 10 in Short Blades
 13015 | Lair:1   | Learned a level 3 spell: Frozen Ramparts
 13175 | Lair:1   | Got the Grimoire of Noxious Transformation
 14134 | Lair:2   | Noticed a death yak
 14135 | Lair:2   | Noticed a death yak
 14158 | Lair:2   | Killed a death yak
 14201 | Lair:2   | Noticed a death yak
 14202 | Lair:2   | Noticed a death yak
 14206 | Lair:2   | Noticed a death yak
 14214 | Lair:2   | Killed a death yak
 14223 | Lair:2   | Killed a death yak
 14688 | Lair:3   | Found a hole to the Spider Nest.
 14789 | Lair:3   | Reached XP level 13. HP: 104/104 MP: 25/25
 15833 | Lair:3   | Found a runed translucent door.
 16812 | Lair:4   | Slain by a boulder beetle

Illustrated notes

Levels and vault maps discovered:
D:1:      scummos_arrival_simple_fountains, layout_basic
D:2:      layout_rooms, basic_altar, minmay_crystal_water
D:3:      layout_rooms, nicolae_figureground_pulse
D:4:      layout_rooms, okawaru_ov_weapons_minmay, xom_butterflies
D:5:      layout_loops_cross, pdpol_wu_jian_five_deadly_venoms,
          minmay_temple_entry_slanted, minivault_24, grunt_decor_cap,
          uniq_blork_the_orc
D:6:      layout_rooms, fedhas_altar_4, chequers_temple_overflow_minitemple
D:7:      layout_basic, nicolae_sif_muna_condensation
D:8:      gammafunk_cloud_chamber, layout_basic, nemelex_diamond_rough_becter,
          minmay_misc_feat_pillars, st_stairs_6, minmay_curled_crystal,
          hangedman_decor_riveting
D:9:      layout_irregular_city, elyvilon_altar_5, uniq_prince_ribbit1
D:10:     cheibrodos_two_vegetables, layout_basic,
          mainiacjoe_overflow_concentric_impassable,
          nicolae_ashenzari_panopticon, serial_shops, shop_statue
D:11:     layout_layer_cave, dpeg_oklobed_lair
Lair:1:   layout_layer_cave
Lair:2:   lemuel_slime, layout_gridlike, infiniplex_staircase_pool
Lair:3:   layout_hall_layers, spider_nest_entry_rubble, pf_torpor_hydra
Lair:4:   nzn_winding_woodlands_large [nzn_winding_woodlands_5x5_default,
          nzn_winding_woodlands_5x15_lazy_stream,
          nzn_winding_woodlands_5x5_cross, nzn_winding_woodlands_center_garden,
          nzn_winding_woodlands_15x15_five_gardens,
          nzn_winding_woodlands_center_lodge,
          nzn_winding_woodlands_5x5_checkerboard,
          nzn_winding_woodlands_5x15_zeroes,
          nzn_winding_woodlands_5x5_perimeter], layout_regular_city,
          minmay_swamp_entry_worms, grunt_megastairs_3

Skill      XL: |  1  2  3  4  5  6  7  8  9 10 11 12 13 |
---------------+----------------------------------------+-----
Invocations    | 1 2 3 4 5 7 8 9 |  9.4
Long Blades    | 1 2 3 4 6 7 8 |  8.6
Axes           | 1 2 3 4 6 7 8 |  8.6
Maces & Flails | 1 2 3 4 6 7 8 |  8.6
Polearms       | 1 2 3 4 6 7 8 |  8.6
Staves         | 1 2 3 4 6 7 8 |  8.6
Slings         | 1 2 3 4 6 7 8 |  8.6
Bows           | 1 2 3 4 6 7 8 |  8.6
Crossbows      | 1 2 3 4 6 7 8 |  8.6
Throwing       | 1 2 3 4 6 7 8 |  8.6
Armour         | 1 2 3 4 6 7 8 |  8.6
Dodging        | 1 2 3 4 6 7 8 |  8.6
Stealth        | 1 2 3 4 6 7 8 |  8.6
Shields        | 1 2 3 4 6 7 8 |  8.6
Unarmed Combat | 1 2 3 4 6 7 8 |  8.6
Evocations     | 1 2 3 4 6 7 8 |  8.6
Spellcasting   | 3 4 5 7 8 9 |  9.1
Conjurations   | 1 2 3 4 5 6 7 |  7.2
Hexes          | 1 2 3 4 5 6 7 |  7.2
Summonings     | 1 2 3 4 5 6 7 |  7.2
Necromancy     | 1 2 3 4 5 6 7 |  7.2
Translocations | 1 2 3 4 5 6 7 |  7.2
Transmutations | 1 2 3 4 5 6 7 |  7.2
Ice Magic      | 1 2 3 4 5 6 7 |  7.2
Air Magic      | 1 2 3 4 5 6 7 |  7.2
Earth Magic    | 1 2 3 4 5 6 7 |  7.2
Poison Magic   | 1 2 3 4 5 6 7 |  7.2
Fighting       | 7 8 9 10 | 10.9
Short Blades   | 7 8 9 10 | 10.9
Fire Magic     | 6 7 8 9 |  9.1

Action                   |  1- 3 |  4- 6 |  7- 9 | 10-12 | 13-15 || total
-------------------------+-------+-------+-------+-------+-------++-------
Melee: Short sword       |    42 |       |       |       |       ||    42
       Bite              |     2 |       |       |       |       ||     2
       Hunting sling     |       |     1 |       |       |       ||     1
 Fire: Hunting sling     |    34 |    86 |   275 |   573 |   375 ||  1343
 Cast: Scorch            |       |       |     1 |    67 |    16 ||    84
       Frozen Ramparts   |       |       |       |     9 |     8 ||    17
Invok: Fiery Armour      |       |       |     1 |     2 |     2 ||     5
       Rising Flame      |       |       |       |     1 |       ||     1
Evoke: Wand              |       |       |       |    17 |     6 ||    23
       Phantom mirror    |       |       |       |     1 |       ||     1
       Box of beasts     |       |       |       |       |     1 ||     1
  Use: Scroll            |     1 |     6 |     3 |    14 |       ||    24
       Potion            |       |       |     2 |     2 |       ||     4
Armor: Robe              |    13 |       |       |       |       ||    13
       Scale mail        |       |    11 |    70 |    52 |       ||   133
       Troll leather arm |       |       |       |    97 |   128 ||   225
Dodge: Dodged            |    30 |    39 |   132 |   446 |   302 ||   949

Table legend: (Time is in decaauts)
 A = Elapsed time spent in this place.
 B = Non-inter-level travel time spent in this place.
 C = Inter-level travel time spent in this place.
 D = Time resting spent in this place.
 E = Time spent auto-exploring this place.
 F = Levels seen in this place.
 G = Mean time per level.
                   A        B        C        D        E       F      G
               +--------+--------+--------+--------+--------+-----+--------+
         Total |  17235 |  16343 |    892 |    268 |  13225 |  15 | 1149.0 |
       Dungeon |  12914 |  12173 |    741 |    268 |  10031 |  11 | 1174.0 |
          Lair |   4321 |   4170 |    151 |      0 |   3194 |   4 | 1080.2 |
               +--------+--------+--------+--------+--------+-----+--------+

Top non-repeatable levels by time:
     D:8: 2081 daAuts
    D:11: 1917 daAuts
  Lair:1: 1600 daAuts
  Lair:3: 1427 daAuts
     D:7: 1339 daAuts
    D:10: 1254 daAuts
     D:9: 1247 daAuts
     D:1: 1125 daAuts
     D:6: 1052 daAuts
     D:5: 1009 daAuts
     D:4: 726 daAuts
  Lair:4: 711 daAuts
     D:2: 598 daAuts
  Lair:2: 581 daAuts
     D:3: 563 daAuts
